 Dungeon Crawl Stone Soup version 0.28-a0-863-g8cecda6153 (webtiles) character file.

Game seed: 14240705754319815767

2298 Zonian the Poker (level 9, -10/68 HPs)
             Began as a Demonspawn Gladiator on Nov 18, 2021.
             Was a Follower of Uskayaw.
             Mangled by Harold (19 damage)
             ... on level 7 of the Dungeon.
             The game lasted 00:20:24 (7346 turns).

Zonian the Poker (Demonspawn Gladiator)             Turns: 7346, Time: 00:20:25

Health: -10/68     AC:  6    Str: 16    XL:     9   Next: 17%
Magic:  0/12       EV: 14    Int:  9    God:    Uskayaw [*.....]
Gold:   202        SH:  5    Dex: 17    Spells: 9/9 levels left

rFire   . . .      SeeInvis .   a - +0 trident
rCold   + . .      Faith    .   p - +0 buckler
rNeg    . . .      Spirit   +   b - +0 leather armour
rPois   .          Reflect  .   c - +1 helmet
rElec   .          Harm     .   (no cloak)
rCorr   .          Rampage  .   (no gloves)
Will    .....                   (no boots)
Stlth   +++.......              x - amulet of magic regeneration
HPRegen 0.21/turn               j - ring of protection from cold
MPRegen 0.51/turn               (no ring)

@: marked
A: hooves 2, magic shield, magic regeneration, sharp scales 1
a: Renounce Religion, Stomp


You were on level 7 of the Dungeon.
You worshipped Uskayaw.
Uskayaw was noncommittal.
You visited 1 branch of the dungeon, and saw 7 of its levels.
You also visited: Sewer.

You collected 202 gold pieces.

Inventory:

Hand Weapons
 a - a +0 trident (weapon)
 l - a +1 whip of flaming
 o - a +0 dagger of venom
Missiles
 g - 74 poisoned darts (quivered)
 n - 78 sling bullets
Armour
 b - a +0 leather armour (worn)
 c - a +1 helmet (worn)
 p - a +0 buckler (worn)
Jewellery
 e - a ring of protection from fire
 j - a ring of protection from cold (left hand)
 q - a ring of protection from cold
 r - a ring of fire
 x - an amulet of magic regeneration (around neck)
Scrolls
 d - a scroll of identify
 s - a scroll of silence
 t - 4 scrolls of amnesia
 u - a scroll of vulnerability
Potions
 f - 5 potions of lignification
 i - a potion of cancellation
 m - a potion of invisibility
 v - a potion of flight
 w - a potion of haste {unknown}


   Skills:
 + Level 5.1 Fighting
 + Level 6.0 Polearms
 - Level 3.0 Throwing
 - Level 2.0 Armour
 + Level 5.5 Dodging
 + Level 4.1 Stealth
 + Level 3.1 Shields
 + Level 0.8 Spellcasting
 + Level 4.8 Invocations


You had 9 spell levels left.
You didn't know any spells.
Your spell library was empty.

Dungeon Overview and Level Annotations

Branches:
Dungeon (7/15)              Sewer (visited)
 Temple: D:4-7

Altars:
Ashenzari
Cheibriados
Dithmenos
Elyvilon
Hepliaklqana
Nemelex Xobeh
Qazlal
Trog
Uskayaw
Vehumet

Shops:
D:1 :   D:7 (

Annotations:
D:7 Harold


Innate Abilities, Weirdness & Mutations

You have hoof-like feet.
When hurt, damage is shared between your health and your magic reserves.
You regenerate magic rapidly.
You are partially covered in razor-sharp scales. (AC +1, Slay +1)


Message History

Harold says, "This is so exciting!
What a great way to end my career!"
Unknown command.
Okay, then.
You can no longer pass through a line of other dancers.
Harold says, "Try to look on the bright side.
Your death will help put my children through school."
Harold zaps a wand.
You suddenly lose the ability to move!
Harold points at you and mumbles some strange words.
A sentinel's mark forms upon you.
Harold throws a throwing net.
The throwing net hits you.
You become entangled in the net!
Harold zaps a wand.
You resist with some effort.
You can move again.
You see here a throwing net.
Okay, then.
You struggle against the net.
Unknown command.
You struggle against the net.
Harold says, "This is so exciting!
What a great way to end my career!"
Unknown command.
You feel better. Harold fires a harpoon shot at you. The harpoon shot hits you!
* * * LOW HITPOINT WARNING * * *
You are yanked forward by the harpoon shot.
Unknown command.
Harold hits you from afar with a +0 trident!
* * * LOW HITPOINT WARNING * * *
You see here a throwing net.
Unknown command.
Harold throws a throwing net.
The throwing net hits you.
You become entangled in the net!
You see here a throwing net.
You struggle against the net.
Harold fires a harpoon shot at you. The harpoon shot hits you.
* * * LOW HITPOINT WARNING * * *
You are yanked forward by the harpoon shot.
Unknown command.
You feel better. Harold hits you with a +0 trident!!
You die...

.. #..... #)...#########.###
.@ #.....###†#@.# #.##. ..
#......#..#..# ######.##.
.....#.##..# #......##.
...#(##..# ###.#####.
##.#.##..# #.# #. #........#
#.# #.
.######..#.#@.#######.# #.
.........#.@..........# #.
.!.......#(################.
..........(..[...#_#........
.......#.#.#######.###.#####
.........#'# ##...##)#
#.............##..#..#)#
#.......)^)...##.###.#.##
#####.........##.###.#..#
#........##..._#.##.#


You could see Harold.

Vanquished Creatures
  A steam dragon (D:7)
  An orc warrior (D:7)
  2 sky beasts (D:7)
  A necrophage (D:7)
  2 ice beasts
  2 ogres (D:5)
  A phantom (D:6)
  2 centaurs
  A lemure (D:7)
  4 kobold brigands (Sewer)
  A wyvern zombie (D:6)
  2 scorpions
  A killer bee (D:6)
  3 centaur skeletons
  A hound (D:6)
  2 jellies
  4 orc priests
  A gnoll shaman (D:6)
  A bullfrog skeleton (D:6)
  4 iguanas
  3 orc wizards
  A hound skeleton (D:4)
  A howler monkey zombie (D:6)
  6 adders
  A howler monkey skeleton (D:6)
  2 river rats (Sewer)
  A shadow imp (D:5)
  An adder skeleton (D:4)
  3 worms
  A dart slug (D:4)
  15 orcs
  6 ball pythons
  13 endoplasms
  6 giant cockroaches
  6 goblins
  8 hobgoblins
  8 jackals
  2 quokkas
  5 bats
  2 frilled lizards
  15 kobolds
  8 rats
151 creatures vanquished.

Notes
Turn   | Place    | Note
-------+----------+-------------------------------------------
     0 | D:1      | Zonian the Demonspawn Gladiator began the quest for the
                  | Orb.
     0 | D:1      | Reached XP level 1. HP: 16/16 MP: 1/1
   273 | D:1      | Gained mutation: You regenerate magic rapidly. [demonic
                  | ancestry]
   273 | D:1      | Reached XP level 2. HP: 22/22 MP: 2/2
   335 | D:1      | Reached skill level 3 in Polearms
   541 | D:1      | Found Batuis's Book Shop.
  1119 | D:2      | Gained mutation: When hurt, damage is shared between your
                  | health and your magic reserves. [demonic ancestry]
  1119 | D:2      | Reached XP level 3. HP: 27/27 MP: 3/3
  1948 | D:3      | Found a glowing drain.
  1973 | Sewer    | Entered a sewer
  2058 | Sewer    | Noticed a kobold brigand
  2076 | Sewer    | Killed a kobold brigand
  2077 | Sewer    | Reached skill level 1 in Armour
  2077 | Sewer    | Gained mutation: You are partially covered in razor-sharp
                  | scales. (AC +1, Slay +1) [demonic ancestry]
  2077 | Sewer    | Reached XP level 4. HP: 24/34 MP: 4/4
  2385 | Sewer    | Gained mutation: You have large cloven feet. [demonic
                  | ancestry]
  2385 | Sewer    | Reached XP level 5. HP: 39/39 MP: 5/5
  2485 | Sewer    | Reached skill level 4 in Polearms
  2648 | Sewer    | Reached XP level 6. HP: 31/46 MP: 6/6
  2935 | Sewer    | Reached skill level 1 in Stealth
  3415 | D:3      | Found a faded altar of an unknown god.
  4059 | D:4      | Reached XP level 7. HP: 45/52 MP: 7/7
  4195 | D:4      | Found a radiant altar of Vehumet.
  4312 | D:4      | Found a hide-covered altar of Uskayaw.
  4312 | D:4      | Found a broken altar of Ashenzari.
  4312 | D:4      | Found a snail-covered altar of Cheibriados.
  4328 | D:4      | Became a worshipper of Uskayaw the Reveller
  4393 | D:4      | You fall into a shaft and drop 1 floor!
  4393 | D:5      | Entered Level 5 of the Dungeon
  4397 | D:5      | Reached * piety under Uskayaw
  4462 | D:5      | Reached ** piety under Uskayaw
  4492 | D:5      | Reached skill level 1 in Invocations
  4807 | D:5      | Reached skill level 5 in Polearms
  4807 | D:5      | Reached skill level 1 in Shields
  4956 | D:5      | Reached *** piety under Uskayaw
  4958 | D:5      | Gained mutation: You have hoof-like feet. [demonic
                  | ancestry]
  4958 | D:5      | Reached XP level 8. HP: 52/60 MP: 9/9
  5214 | D:6      | Found a bloodstained altar of Trog.
  5350 | D:6      | Reached **** piety under Uskayaw
  5649 | D:6      | Reached ***** piety under Uskayaw
  5740 | D:6      | Reached skill level 5 in Dodging
  5940 | D:6      | Noticed a two-headed ogre
  6879 | D:7      | Found Yfinosm's Antique Weapon Shop.
  6897 | D:7      | Reached skill level 5 in Fighting
  6897 | D:7      | Reached XP level 9. HP: 57/68 MP: 10/12
  6950 | D:7      | Noticed Harold
  7109 | D:7      | Found a stormy altar of Qazlal.
  7109 | D:7      | Found a shadowy altar of Dithmenos.
  7119 | D:7      | Found a sparkling altar of Nemelex Xobeh.
  7121 | D:7      | Found a hazy altar of Hepliaklqana.
  7324 | D:7      | Reached skill level 6 in Polearms
  7335 | D:7      | Paralysed by Harold for 5 turns
  7346 | D:7      | Mangled by Harold

Illustrated notes

Levels and vault maps discovered:
D:1:      shiori_shiawase, layout_loops_corners, serial_shops, shop
D:2:      layout_rooms
D:3:      layout_basic, portal_sewer_entry_a, dreamdust_ecumenical_altar_statues
D:4:      layout_rooms, gammafunk_temple_overflow_claw, vehumet_crystals,
          gammafunk_ghost_split, grunt_ministairs_15
D:5:      layout_gridville
D:6:      cheibrodos_fzero, layout_basic, trog_hazing_becter
D:7:      layout_basic, chequers_temple_overflow_minitemple, temple_doors_e,
          serial_shops, shop, dk_vineyard_3, uniq_pikel, uniq_harold

Skill      XL: |  1  2  3  4  5  6  7  8  9 |
---------------+----------------------------+-----
Polearms       | 3 4 5 6 |  6.0
Dodging        | 3 4 5 |  5.5
Throwing       | 2 3 |  3.0
Armour         | 1 2 |  2.0
Stealth        | 1 2 3 4 |  4.1
Fighting       | 3 4 5 |  5.1
Invocations    | 2 4 |  4.8
Shields        | 1 2 3 |  3.1
Spellcasting   | |  0.8

Action                   |  1- 3 |  4- 6 |  7- 9 || total
-------------------------+-------+-------+-------++-------
Melee: Trident           |   153 |   154 |   324 ||   631
       Kick              |       |    40 |    71 ||   111
Throw: Throwing net      |     3 |     1 |     1 ||     5
       Dart              |     3 |     2 |       ||     5
Invok: Line Pass         |       |       |     1 ||     1
  Use: Scroll            |     4 |     4 |     5 ||    13
       Potion            |     1 |     1 |     5 ||     7
 Stab: Sleeping          |     4 |     6 |     8 ||    18
       Held in net/web   |     1 |       |       ||     1
       Paralysed         |       |       |     7 ||     7
       Distracted        |       |       |     1 ||     1
       Confused          |       |       |     1 ||     1
Armor: Leather armour    |    53 |    26 |    57 ||   136
Dodge: Dodged            |    86 |    59 |   170 ||   315
Block: Buckler           |       |       |    35 ||    35

Table legend: (Time is in decaauts)
 A = Elapsed time spent in this place.
 B = Non-inter-level travel time spent in this place.
 C = Inter-level travel time spent in this place.
 D = Time resting spent in this place.
 E = Time spent auto-exploring this place.
 F = Levels seen in this place.
 G = Mean time per level.
                   A        B        C        D        E       F      G
               +--------+--------+--------+--------+--------+-----+--------+
         Total |   7628 |   7556 |     72 |   1469 |   3821 |   8 |  953.5 |
       Dungeon |   6231 |   6159 |     72 |   1268 |   3366 |   7 |  890.1 |
         Sewer |   1396 |   1396 |      0 |    201 |    455 |   1 | 1396.0 |
               +--------+--------+--------+--------+--------+-----+--------+

Top non-repeatable levels by time:
   Sewer: 1396 daAuts
     D:7: 1391 daAuts
     D:3: 1034 daAuts
     D:2: 910 daAuts
     D:1: 908 daAuts
     D:5: 795 daAuts
     D:6: 789 daAuts
     D:4: 401 daAuts
